sWordswingerrrr, neutral male human Wizard -------------------- |........|...|.....| |.....-.`|.-.|.....| |..|...@.|``.|.....| |-.|..-`a|.-.|..<..| |...--..aa...|.....| |...|...-...-|.....| |...|..|...--|.....| |-..|..-----------+| |.........%......^.| |...|.>------------- -------- sWordswingerrrr the Thaumaturge Experience level: 6 Strength: 16 Dexterity: 15 Constitution: 15 Intelligence: 17 Wisdom: 11 Charisma: 10 Health: 0(48) Energy: 38(57) Def: 4 Gold: 1355 Moves: 6677 Dungeon seed: SJI6HJ7qmER3J2SW Game ID: sWordswingerrrr_1514008123 Your Inventory: Coins $ - 1355 gold pieces Amulets L - a cursed amulet of restful sleep Weapons J - the uncursed +0 Grimtooth (weapon in hand) Armor e - an uncursed +0 cloak of magic resistance (being worn) q - an uncursed +0 studded leather armor (being worn) r - an uncursed +0 pair of iron shoes Comestibles d - 5 uncursed food rations s - 2 uncursed eggs E - 2 uncursed fortune cookies H - an uncursed lizard corpse K - an uncursed tripe ration X - an uncursed tin of hobbit meat Scrolls f - 2 uncursed scrolls of earth l - a blessed scroll of teleportation Spellbooks k - an uncursed spellbook of cone of cold Potions g - 2 uncursed potions of object detection i - 2 uncursed potions of full healing Rings c - an uncursed ring of poison immunity p - an uncursed ring of free action D - an uncursed ring of warning I - an uncursed ring of conflict Q - an uncursed ring of protection from shape changers V - an uncursed ring of warning Wands b - an uncursed wand of striking (0:0) v - an uncursed wand of lightning (0:7) C - an uncursed wand of cancellation (0:0) U - a cursed wand of slow monster (0:5) W - an uncursed wand of magic missile (0:8) Y - an uncursed wand of sleep (0:4) Z - a cursed wand of secret door detection (0:13) Tools a - an uncursed +0 nasty pick-axe h - an uncursed blindfold o - an uncursed tin whistle w - an uncursed magic whistle x - a blessed magic lamp (lit) y - an uncursed magic marker (0:44) B - an uncursed skeleton key T - an uncursed magic lamp Gems j - an uncursed worthless piece of orange glass n - an uncursed amethyst stone N - 2 uncursed worthless pieces of yellow glass Spells and supernatural/magical abilities: Spells marked with '*' are forgotten. Spells marked with '!' are maintained. Spells marked with '#' are aliased with 'castalias'. Name Level Category Fail Memory a - force bolt 1 attack 0% 89% l - light 1 divination 0% 89% m - magic missile 2 attack 0% 89% v - clairvoyance 3 divination 85% 89% W - pray for help -- divine ? -- Your skills at the end: Fighting Skills wands [Basic] Weapon Skills dagger [Basic] quarterstaff [Basic] Spellcasting Skills attack spells [Basic] enchantment spells [Basic] Final Attributes: You were magic resistant. You last prayed 3465 turns ago. You are dead. Vanquished creatures: a small mimic a large cat a giant beetle 2 quivering blobs a lynx 2 leprechauns a horse an ice vortex a forest centaur an ogre a lizard a housecat a dwarf lord a blue jelly a dust vortex a raven a snake an ape a human zombie a rope golem 2 bugbears 2 imps a wood nymph a water nymph 2 mountain nymphs 3 Mordor orcs a rock mole a fog cloud 2 violet fungi a gnomish wizard 2 kobold mummies 2 gray oozes a barrow wight 2 elf zombies a straw golem a paper golem 2 baby crocodiles 3 giant ants a floating eye a kitten 2 dwarves a homunculus 2 kobold shamans 5 rothes a rabid rat 2 centipedes a giant bat 2 dwarf zombies 2 wererats an iguana 7 coyotes 2 hobbits 11 manes a large kobold a hobgoblin 3 giant rats 7 cave spiders 2 brown molds 2 yellow molds a gnome 5 garter snakes a gnome zombie 6 geckos 6 jackals 2 foxes 6 goblins a sewer rat 8 grid bugs a bat 3 lichens 12 newts 161 creatures vanquished. Voluntary challenges: You had been an atheist until turn 2791. You used a wielded weapon 157 times, starting on turn 125. You read items or engraved 14 times, starting on turn 1. You never genocided any monsters. You never polymorphed an object. You never changed form. You used no wishes. You never split a pudding. You wrote Elbereth's name 1 time, starting on turn 1333. You violated your moral code, losing 3 points of alignment, starting on turn 4461. Dungeon overview: The Dungeons of Doom: levels 1 to 11 Level 1 a long staircase Level 2 a hardware shop, a vault Level 3 an armor shop, some fountains, a vault Level 4 a fountain stairs to The Gnomish Mines Level 5 a fountain Level 6 a fountain, a sink, a vault Level 7 a sink Level 8 Level 9 many fountains Level 10 stairs to Sokoban Level 11 The Gnomish Mines: Level 5 stairs to The Dungeons of Doom Sokoban: levels 7 to 9 Level 7 <- You were here Level 8 Level 9 stairs to The Dungeons of Doom History has recorded: On T:1 you entered the Dungeons of Doom to retrieve the Amulet of Yendor! On T:42 you reached level 2 of The Dungeons of Doom. On T:443 you advanced to experience level 2. On T:609 you advanced to experience level 3. On T:1050 you reached level 3 of The Dungeons of Doom. On T:1415 you reached level 4 of The Dungeons of Doom. On T:1624 you advanced to experience level 4. On T:1767 you reached level 1 of The Gnomish Mines. On T:1859 you reached level 5 of The Dungeons of Doom. On T:2547 you reached level 6 of The Dungeons of Doom. On T:2724 you advanced to experience level 5. On T:2859 you reached level 7 of The Dungeons of Doom. On T:2938 you reached level 8 of The Dungeons of Doom. On T:3251 you reached level 9 of The Dungeons of Doom. On T:4081 you reached level 10 of The Dungeons of Doom. On T:4153 you reached level 11 of The Dungeons of Doom. On T:4229 you reached level 4 of Sokoban. On T:4305 you advanced to experience level 6. On T:5555 you reached level 3 of Sokoban. On T:6270 you reached level 2 of Sokoban. Score breakdown: Gold: 1355 (10654 points) Experience: 6 levels (12456 points) Exploration: 11 levels ( 23.91%) (14142 points) Discoveries: 9 items ( 3.03%) ( 5222 points) Valuables value: (no points given unless you survive) Artifact value: 300 ( 8431 points) Variety of kills: 71 monsters ( 18.68%) (12967 points) Turncount: 6677 turns (-1781 points) Survival: died (score multiplied by 80%) Total score: 49672 Latest messages: With great effort you move the boulder. It displaces the gray unicorn. The soldier ant bites! The soldier ant stings! The soldier ant bites! The soldier ant misses. The magic missile hits the soldier ant! (2x) The magic missile bounces! (2x) The soldier ant bites! The soldier ant stings! The soldier ant bites! The soldier ant stings! The magic missile whizzes by the soldier ant! The magic missile hits the soldier ant! The magic missile bounces! (4x) The soldier ant bites! The soldier ant stings! You die... Final status: Goodbye sWordswingerrrr the Wizard, killed by a soldier ant... You died in Sokoban on dungeon level 7 with 49672 points, and 1355 pieces of gold, after 6677 moves. You were level 6 with a maximum of 48 hit points when you died.